 Dungeon Crawl Stone Soup version 0.28.0 (webtiles) character file.

Game seed: 12693283029212536070

116 zeram the Sneak (level 5, 0/36 HPs)
             Began as an Octopode Fighter on Feb 5, 2022.
             Splashed by a jelly's acid (7 damage)
             ... on level 3 of the Dungeon.
             The game lasted 00:03:13 (2550 turns).

zeram the Sneak (Octopode Fighter)                  Turns: 2550, Time: 00:03:14

Health: 0/36       AC: -11   Str: 16    XL:     5   Next: 0%
Magic:  5/5        EV: 14    Int: 12    God:
Gold:   145        SH:  5    Dex: 17    Spells: 4/4 levels left

rFire   . . .      SeeInvis .   e - +2 dagger (venom)
rCold   . . .      Faith    .   b - +0 buckler
rNeg    . . .      Spirit   .   (helmet restricted)
rPois   .          Reflect  .   (no amulet)
rElec   .          Harm     .   g - +6 ring of dexterity
rCorr   .          Rampage  .   (no ring)
Will    .....                   (no ring)
Stlth   ++++......              (no ring)
HPRegen 0.12/turn               (no ring)
MPRegen 0.09/turn               (no ring)
                                (no ring)
                                (no ring)

@: corroded
A: almost no armour, amphibious, 8 rings, camouflage 1, gelatinous body 1,
(nimble swimmer 1), tentacles
a: no special abilities


You were on level 3 of the Dungeon.
You visited 1 branch of the dungeon, and saw 3 of its levels.

You collected 145 gold pieces.

Inventory:

Hand Weapons
 a - a +0 rapier
 e - a +2 dagger of venom (weapon)
Armour
 b - a +0 buckler (worn)
Jewellery
 g - a +6 ring of dexterity (left tentacle)
Scrolls
 f - 3 scrolls of identify
Potions
 c - a potion of might
 d - a potion of curing {unknown}


   Skills:
 - Level 3.0 Fighting
 + Level 3.0 Short Blades
 + Level 3.4 Dodging
 * Level 4.0 Stealth
 + Level 3.5 Shields


You had 4 spell levels left.
You didn't know any spells.
Your spell library was empty.

Dungeon Overview and Level Annotations

Branches:
Dungeon (3/15)

Altars:
Xom
Jiyva


Innate Abilities, Weirdness & Mutations

You cannot wear most types of armour.
You are amphibious.
You can wear up to eight rings at the same time.
Your skin changes colour to match your surroundings (Stealth+).
Your rubbery body absorbs attacks. (AC +1, EV +1)
((You are camouflaged when in or above water. (Stealth+)))
You have tentacles for arms and can constrict up to eight enemies at once.


Message History

Things that are here:
a +0 short sword; a +0 dagger
Items here: ( ))).
You see here a +0 dagger.
The jelly hits you but does no damage.
You hit the jelly. The acid corrodes you!
Your tentacles burn!
The jelly is lightly wounded.
The jelly hits you. The acid corrodes you!
You are splashed with acid.
The endoplasm quivers.
You hit the jelly but do no damage.
The jelly is poisoned.
Your tentacles burn!
You squeeze the jelly.
The jelly is moderately wounded.
The jelly closely misses you.
You hit the jelly but do no damage.
Your tentacles burn!
The jelly is moderately wounded.
The jelly hits you. The acid corrodes you!
You are splashed with acid!
You are too injured to fight recklessly!
You are too injured to fight recklessly!
You see here a +0 dagger.
Things that are here:
a +0 club; 3 poisoned darts
Things that are here:
a +0 short sword; a +0 dagger
There is a stone staircase leading down here.
There is a stone staircase leading up here.
You barely miss the jelly. You squeeze the jelly.
The jelly is almost dead.
The jelly closely misses you.
The jelly looks more healthy.
You hit the jelly but do no damage.
Your tentacles burn!
You squeeze the jelly, but do no damage.
The jelly is severely wounded.
You hit the jelly but do no damage. The acid corrodes you!
Your tentacles burn!
* * * LOW HITPOINT WARNING * * *
You squeeze the jelly.
The jelly is almost dead.
The jelly hits you.
* * * LOW HITPOINT WARNING * * *
You are splashed with acid!
You die...

.####.))#######..#
## ###))J.......#
######..##>#
#..##J# #..##.#
#...#<# #.#.#.#
#.#>#J# #.#..@#
#.##..## #.##...##
#.##....# #.
######


You could see a jelly and an endoplasm.

Vanquished Creatures
  2 jellies (D:3)
  2 dart slugs (D:2)
  10 endoplasms
  A giant cockroach (D:2)
  A goblin (D:2)
  5 hobgoblins
  12 kobolds
  2 quokkas (D:1)
  2 ball pythons
  2 bats (D:1)
  2 frilled lizards (D:1)
  A quokka skeleton (D:2)
  3 rats (D:2)
45 creatures vanquished.

Vanquished Creatures (others)
  11 fungi (D:3)
  7 toadstools (D:3)
18 creatures vanquished.

Grand Total: 63 creatures vanquished

Notes
Turn   | Place    | Note
-------+----------+-------------------------------------------
     0 | D:1      | zeram the Octopode Fighter began the quest for the Orb.
     0 | D:1      | Reached XP level 1. HP: 16/16 MP: 1/1
   263 | D:1      | Reached XP level 2. HP: 21/21 MP: 2/2
   313 | D:1      | Found a viscous altar of Jiyva.
   315 | D:1      | Reached skill level 1 in Stealth
  1008 | D:2      | Found a shimmering altar of Xom.
  1144 | D:2      | Reached XP level 3. HP: 26/26 MP: 3/3
  1194 | D:2      | Reached skill level 2 in Stealth
  1495 | D:2      | Found a faded altar of an unknown god.
  2068 | D:3      | Reached skill level 3 in Stealth
  2068 | D:3      | Reached XP level 4. HP: 11/31 MP: 4/4
  2251 | D:3      | Reached skill level 4 in Stealth
  2251 | D:3      | Reached XP level 5. HP: 4/36 MP: 5/5
  2550 | D:3      | Splashed by a jelly's acid

Illustrated notes

Levels and vault maps discovered:
D:1:      erik_arrival_cave_to_civilisation [erik_arrival_cave_to_temple],
          layout_loops_ring
D:2:      layout_basic, dreamdust_ecumenical_altar_statues, basic_altar
D:3:      cheibrodos_fertilizer, layout_rooms,
          mainiacjoe_overflow_cross_hatched, skrybe_limestone_x

Skill      XL: |  1  2  3  4 |
---------------+-------------+-----
Stealth        | 1 3 4 |  4.0
Short Blades   | 3 |  3.0
Fighting       | |  3.0
Dodging        | |  3.4
Shields        | |  3.5

Action                   |  1- 3 |  4- 6 || total
-------------------------+-------+-------++-------
Melee: Rapier            |    38 |       ||    38
       Constrict         |    16 |       ||    16
       Tentacles         |    17 |     5 ||    22
       Punch             |     3 |       ||     3
       Dagger            |    36 |    11 ||    47
  Use: Scroll            |     2 |       ||     2
 Stab: Sleeping          |     5 |       ||     5
Armor: Skin              |     3 |     2 ||     5
Dodge: Dodged            |    27 |     4 ||    31
Block: Buckler           |    13 |       ||    13
